General information
- name: BNet
- type: Ladder team game (AT/RT)
- host: Battle.net
- saver: khr8098i
map: FullScaleAssault
- players: 8
- length: 18:33
- speed: Fast
- version: 1.27 W3XP
- replay type: Public
» download(106 KB)
Players
team 1 (loser)

»
Guana (
green | 106 APM | 1701 actions | 15:59)
4 Warden
2 Shadow Strike
2 Fan of Knives
» actions
| Assign group hotkey | 19 | |
| Build / train | 66 | |
| Enter build submenu | 20 | |
| Enter hero's abilities submenu | 4 | |
| Remove unit from queue | 6 | |
| Right click | 554 | |
| Select / deselect | 261 | |
| Select group hotkey | 695 | |
| Use ability | 76 | |
1701 total
» units
| Wisp | 16 | |
| Druid of the Talon | 10 | |
| Dryad | 3 | |
| Goblin Shredder | 1 | |
| Druid of the Claw | 3 | |
| Faerie Dragon | 2 | |
| Chimaera | 1 | |
| Hippogryph | 6 | |
42 total
» upgrades
| Abolish Magic | 1 | |
| Druid of the Talon Training | 2 | |
| Druid of the Claw Training | 1 | |
| Strength of the Wild | 1 | |
| Well Spring | 1 | |
| Mark of the Talon | 1 | |
7 total
» buildings
| Moon Well | 7 | |
| Tree of Ages | 1 | |
| Altar of Elders | 1 | |
| Hunter's Hall | 2 | |
| Ancient of Wonders | 1 | |
| Ancient of Wind | 2 | |
| Ancient of Lore | 1 | |
| Tree of Eternity | 1 | |
| Tree of Life | 2 | |
| Chimaera Roost | 1 | |
19 total
» build order
00:20 Moon Well
01:34 Tree of Ages
01:40 Altar of Elders
02:56 Hunter's Hall
03:02 Hunter's Hall
03:08 Ancient of Wonders
04:05 Ancient of Wind
04:11 Ancient of Lore
04:33 Moon Well
05:28 Moon Well
07:07 Moon Well
07:08 Moon Well
07:30 Tree of Eternity
08:20 Moon Well
08:21 Moon Well
09:04 Tree of Life
09:32 Tree of Life
11:24 Chimaera Roost
14:21 Ancient of Wind
» items
| Orb of Venom | 1 | |
| Scroll of Town Portal | 1 | |
| Potion of Healing | 2 | |
4 total

»
Arafat (
pink | 46 APM | 751 actions | 16:30)
4 Blademaster
2 Wind Walk
2 Critical Strike
2 Tauren Chieftain
1 Endurance Aura
1 War Stomp
» actions
| Assign group hotkey | 11 | |
| Basic commands | 8 | |
| Build / train | 58 | |
| Enter build submenu | 24 | |
| Enter hero's abilities submenu | 6 | |
| Give item / drop item | 3 | |
| Right click | 240 | |
| Select / deselect | 175 | |
| Select group hotkey | 184 | |
| Use ability | 42 | |
751 total
» units
» upgrades
| Melee Weapons | 1 | |
| Armor | 2 | |
| Spiked Barricades | 2 | |
| Berserker Strength | 1 | |
6 total
» buildings
| Orc Burrow | 9 | |
| Altar of Storms | 1 | |
| Barracks | 1 | |
| Voodoo Lounge | 1 | |
| War Mill | 2 | |
| Great Hall | 5 | |
| Stronghold | 8 | |
| Watch Tower | 3 | |
| Fortress | 5 | |
| Spirit Lodge | 1 | |
| Beastiary | 2 | |
38 total
» build order
01:23 Orc Burrow
01:38 Altar of Storms
02:21 Barracks
02:28 Orc Burrow
03:12 Voodoo Lounge
03:18 Orc Burrow
04:32 War Mill
04:36 War Mill
05:17 Orc Burrow
06:12 Great Hall
06:36 Great Hall
06:43 Stronghold
08:22 Watch Tower
08:25 Watch Tower
08:28 Orc Burrow
08:30 Orc Burrow
08:34 Orc Burrow
10:10 Fortress
10:14 Spirit Lodge
10:58 Great Hall
12:15 Stronghold
12:15 Stronghold
12:16 Stronghold
13:54 Stronghold
13:55 Stronghold
14:00 Watch Tower
14:39 Fortress
14:39 Fortress
14:39 Fortress
14:56 Great Hall
15:02 Great Hall
15:07 Orc Burrow
15:09 Orc Burrow
15:46 Beastiary
15:49 Beastiary
» items
| Healing Salve | 3 | |
| Scroll of Speed | 1 | |
| Scroll of Town Portal | 1 | |
5 total
uhackubotusuck (
teal | 31 APM | 571 actions | 18:32)
4 Archmage
2 Summon Water Elemental
2 Brilliance Aura
» actions
| Basic commands | 17 | |
| Build / train | 71 | |
| ESC pressed | 1 | |
| Enter build submenu | 27 | |
| Enter hero's abilities submenu | 4 | |
| Right click | 188 | |
| Select / deselect | 209 | |
| Use ability | 54 | |
571 total
» units
| Peasant | 15 | |
| Rifleman | 6 | |
| Priest | 2 | |
| Goblin Zeppelin | 1 | |
| Siege Engine | 7 | |
| Flying Machine | 10 | |
| Chimaera | 6 | |
47 total
» upgrades
| Gunpowder | 1 | |
| Plating | 2 | |
| Priest Training | 2 | |
| Magic Sentry | 1 | |
| Long Rifles | 1 | |
| Barrage | 1 | |
| Lumber Harvesting | 1 | |
| Masonry | 1 | |
| Flying Machine Bombs | 1 | |
| Flak Cannons | 1 | |
| Corrosive Breath | 1 | |
13 total
» buildings
| Altar of Kings | 1 | |
| Farm | 10 | |
| Barracks | 1 | |
| Blacksmith | 2 | |
| Scout Tower | 8 | |
| Arcane Tower | 1 | |
| Keep | 1 | |
| Castle | 1 | |
| Arcane Sanctum | 1 | |
| Arcane Vault | 1 | |
| Workshop | 2 | |
| Lumber Mill | 1 | |
| Guard Tower | 3 | |
| Great Hall | 1 | |
34 total
» build order
00:20 Altar of Kings
00:31 Farm
01:16 Barracks
01:36 Blacksmith
01:48 Farm
02:29 Scout Tower
02:37 Farm
03:31 Arcane Tower
03:41 Keep
03:52 Blacksmith
04:26 Farm
05:14 Farm
06:00 Farm
06:38 Castle
06:41 Farm
06:47 Arcane Sanctum
07:36 Farm
07:40 Arcane Vault
09:11 Workshop
09:14 Workshop
09:21 Farm
09:55 Lumber Mill
10:07 Farm
10:15 Scout Tower
10:18 Scout Tower
11:31 Scout Tower
11:46 Guard Tower
12:31 Guard Tower
12:35 Scout Tower
12:37 Scout Tower
12:38 Scout Tower
16:16 Guard Tower
16:25 Scout Tower
17:18 Great Hall

»
brolly52 (
red | 35 APM | 558 actions | 15:51)
4 Demon Hunter
2 Immolation
2 Mana Burn
» actions
| Assign group hotkey | 29 | |
| Build / train | 35 | |
| Enter build submenu | 15 | |
| Enter hero's abilities submenu | 4 | |
| Give item / drop item | 1 | |
| Remove unit from queue | 1 | |
| Right click | 205 | |
| Select / deselect | 140 | |
| Select group hotkey | 95 | |
| Use ability | 33 | |
558 total
» units
| Wisp | 11 | |
| Archer | 5 | |
| Huntress | 3 | |
| Mountain Giant | 2 | |
21 total
» upgrades
| Strength of the Wild | 2 | |
| Reinforced Hides | 2 | |
| Hardened Skin | 1 | |
5 total
» buildings
| Altar of Elders | 1 | |
| Moon Well | 6 | |
| Ancient of War | 1 | |
| Hunter's Hall | 1 | |
| Ancient of Wonders | 1 | |
| Tree of Ages | 1 | |
| Tree of Eternity | 1 | |
| Ancient of Lore | 2 | |
| Tree of Life | 1 | |
15 total
» build order
00:06 Altar of Elders
00:08 Moon Well
00:11 Ancient of War
02:10 Moon Well
03:34 Moon Well
03:41 Hunter's Hall
03:47 Ancient of Wonders
04:28 Moon Well
04:48 Tree of Ages
07:38 Tree of Eternity
07:43 Ancient of Lore
07:46 Ancient of Lore
10:00 Moon Well
10:02 Moon Well
13:58 Tree of Life
» items
team 2 (winner)

»
Old_Cracker_Jac (
purple | 29 APM | 547 actions | 18:32)
5 Demon Hunter
2 Mana Burn
3 Evasion
» actions
| Assign group hotkey | 3 | |
| Basic commands | 10 | |
| Build / train | 61 | |
| Enter build submenu | 14 | |
| Enter hero's abilities submenu | 5 | |
| Right click | 172 | |
| Select / deselect | 213 | |
| Select group hotkey | 29 | |
| Use ability | 40 | |
547 total
» units
| Wisp | 15 | |
| Archer | 13 | |
| Goblin Zeppelin | 1 | |
| Hippogryph | 12 | |
41 total
» upgrades
| Strength of the Moon | 3 | |
| Hippogryph Taming | 1 | |
| Moon Armor | 2 | |
| Ultravision | 1 | |
| Improved Bows | 1 | |
| Marksmanship | 1 | |
9 total
» buildings
| Altar of Elders | 1 | |
| Moon Well | 7 | |
| Ancient of War | 1 | |
| Ancient of Wonders | 1 | |
| Tree of Ages | 1 | |
| Hunter's Hall | 1 | |
| Ancient of Wind | 2 | |
| Tree of Life | 1 | |
| Tree of Eternity | 1 | |
16 total
» build order
00:47 Altar of Elders
00:54 Moon Well
01:55 Ancient of War
01:58 Moon Well
02:34 Moon Well
03:01 Ancient of Wonders
03:36 Moon Well
04:10 Tree of Ages
04:20 Hunter's Hall
04:49 Moon Well
05:38 Moon Well
06:47 Ancient of Wind
07:40 Ancient of Wind
09:07 Tree of Life
11:25 Tree of Eternity
16:47 Moon Well
» items
| Scroll of Town Portal | 1 | |
| Orb of Venom | 1 | |
| Potion of Healing | 1 | |
3 total
khr8098i (
blue | 41 APM | 757 actions | 18:33)
4 Blood Mage
2 Banish
2 Flame Strike
» actions
| Assign group hotkey | 14 | |
| Basic commands | 15 | |
| Build / train | 63 | |
| Enter build submenu | 21 | |
| Enter hero's abilities submenu | 4 | |
| Right click | 318 | |
| Select / deselect | 160 | |
| Select group hotkey | 101 | |
| Use ability | 61 | |
757 total
» units
| Peasant | 13 | |
| Mortar Team | 11 | |
| Siege Engine | 1 | |
25 total
» upgrades
| Masonry | 1 | |
| Gunpowder | 3 | |
| Armor | 3 | |
| Flare | 1 | |
| Fragmentation Shards | 1 | |
| Barrage | 1 | |
10 total
» buildings
| Lumber Mill | 2 | |
| Farm | 10 | |
| Altar of Kings | 1 | |
| Blacksmith | 1 | |
| Scout Tower | 1 | |
| Arcane Tower | 2 | |
| Keep | 2 | |
| Castle | 6 | |
| Workshop | 4 | |
29 total
» build order
00:28 Lumber Mill
00:48 Lumber Mill
00:56 Farm
00:58 Altar of Kings
01:00 Farm
01:35 Blacksmith
02:12 Scout Tower
02:33 Farm
02:41 Arcane Tower
03:38 Keep
03:39 Keep
04:00 Farm
04:05 Farm
05:24 Farm
05:26 Farm
05:27 Farm
05:59 Castle
06:00 Castle
06:00 Castle
06:00 Castle
06:06 Workshop
06:08 Workshop
06:11 Workshop
06:17 Workshop
06:57 Farm
08:33 Farm
» items
| Scroll of Town Portal | 2 | |
| Healing Salve | 1 | |
| Scroll of Speed | 4 | |
| Periapt of Vitality | 1 | |
8 total

»
StabMastaArson (
orange | 43 APM | 802 actions | 18:32)
5 Shadow Hunter
3 Healing Wave
2 Hex
» actions
| Assign group hotkey | 22 | |
| Basic commands | 50 | |
| Build / train | 42 | |
| Enter build submenu | 20 | |
| Enter hero's abilities submenu | 5 | |
| Remove unit from queue | 5 | |
| Right click | 189 | |
| Select / deselect | 186 | |
| Select group hotkey | 249 | |
| Use ability | 34 | |
802 total
» units
| Peon | 13 | |
| Grunt | 2 | |
| Goblin Zeppelin | 1 | |
| Tauren | 3 | |
19 total
» upgrades
| Melee Weapons | 3 | |
| Armor | 4 | |
| Berserker Strength | 1 | |
| Pulverize | 1 | |
9 total
» buildings
| Altar of Storms | 1 | |
| Orc Burrow | 11 | |
| Barracks | 1 | |
| War Mill | 1 | |
| Voodoo Lounge | 1 | |
| Stronghold | 1 | |
| Fortress | 1 | |
| Tauren Totem | 2 | |
| Great Hall | 2 | |
21 total
» build order
00:24 Altar of Storms
00:38 Orc Burrow
01:28 Barracks
01:33 Orc Burrow
01:59 War Mill
02:38 Voodoo Lounge
03:38 Stronghold
05:11 Orc Burrow
06:03 Fortress
06:12 Orc Burrow
07:07 Orc Burrow
08:33 Tauren Totem
08:34 Tauren Totem
10:04 Orc Burrow
10:11 Orc Burrow
11:08 Great Hall
12:03 Orc Burrow
16:21 Orc Burrow
16:27 Great Hall
16:44 Orc Burrow
17:16 Orc Burrow
» items

»
Dblbarrelz (
yellow | 31 APM | 574 actions | 18:32)
3 Archmage
2 Summon Water Elemental
1 Brilliance Aura
1 Paladin
1 Holy Light
1 Mountain King
1 Storm Bolt
» actions
| Assign group hotkey | 17 | |
| Basic commands | 71 | |
| Build / train | 54 | |
| Enter build submenu | 20 | |
| Enter hero's abilities submenu | 5 | |
| Give item / drop item | 2 | |
| Right click | 70 | |
| Select / deselect | 180 | |
| Select group hotkey | 101 | |
| Use ability | 54 | |
574 total
» units
| Peasant | 8 | |
| Footman | 3 | |
| Goblin Shredder | 1 | |
| Siege Engine | 4 | |
| Knight | 2 | |
18 total
» upgrades
| Lumber Harvesting | 2 | |
| Plating | 2 | |
| Swords | 2 | |
| Masonry | 1 | |
| Flare | 1 | |
| Barrage | 1 | |
| Fragmentation Shards | 1 | |
| Gunpowder | 2 | |
| Animal War Training | 1 | |
13 total
» buildings
| Farm | 16 | |
| Altar of Kings | 1 | |
| Barracks | 1 | |
| Scout Tower | 23 | |
| Arcane Tower | 1 | |
| Arcane Vault | 1 | |
| Keep | 1 | |
| Blacksmith | 1 | |
| Town Hall | 1 | |
| Lumber Mill | 1 | |
| Castle | 1 | |
| Workshop | 2 | |
| Guard Tower | 4 | |
54 total
» build order
01:48 Farm
02:04 Altar of Kings
02:26 Farm
03:05 Barracks
03:21 Scout Tower
03:55 Arcane Tower
04:14 Arcane Vault
04:50 Keep
05:23 Blacksmith
06:45 Town Hall
07:06 Lumber Mill
10:17 Castle
11:27 Workshop
11:53 Workshop
12:38 Farm
12:48 Farm
12:48 Farm
13:37 Farm
15:35 Scout Tower
15:35 Scout Tower
15:36 Scout Tower
15:36 Scout Tower
15:38 Scout Tower
15:39 Scout Tower
15:41 Scout Tower
15:45 Scout Tower
15:52 Scout Tower
15:57 Scout Tower
15:57 Scout Tower
15:58 Scout Tower
15:59 Scout Tower
16:00 Scout Tower
16:01 Scout Tower
16:05 Scout Tower
16:06 Scout Tower
16:07 Scout Tower
16:08 Scout Tower
16:10 Scout Tower
16:11 Scout Tower
16:12 Scout Tower
16:47 Guard Tower
17:06 Guard Tower
17:29 Guard Tower
17:34 Farm
17:37 Farm
17:40 Farm
17:41 Farm
17:43 Farm
17:44 Farm
17:45 Farm
17:46 Farm
17:50 Farm
17:51 Farm
18:13 Guard Tower
» items
| Potion of Healing | 3 | |
| Scroll of Town Portal | 2 | |
| Potion of Mana | 1 | |
| Orb of Fire | 2 | |
8 total
Chat log
(00:10 / Allies) StabMastaArson: melee
(00:34 / Allies) khr8098i: IM A MORT ASSASSIN
(01:46 / Allies) Old_Cracker_Jac: i gor ARchers hippos
(01:54 / Allies) khr8098i: ARE YOU A HIPPO ASSASSIN
(02:00 / Allies) khr8098i: BECAUSE I AM A MORT ASSASSIN
(03:22 / All) uhackubotusuck: its new years eve werer playing a 15 yr old game my wife is drunk asleep
(03:27 / All) uhackubotusuck: wtf
(03:40 / All) Guana: yeah yeah we are all a bunch of nerds
(03:44 / All) khr8098i: HAS SHE TOUCHED UR PENIS YET?
(03:48 / All) Arafat: go fuck your wife
(04:07 / All) uhackubotusuck: well she passed out so im gonna rub it on her face
(04:22 / All) khr8098i: DUDE THATS RAPE
(04:26 / All) khr8098i: DO IT
(04:35 / All) uhackubotusuck: yea isnt it cool
(04:43 / All) khr8098i: ITS OK
(04:46 / All) khr8098i: ONCE I NA WHILE
(04:50 / All) StabMastaArson: a liberal was jjst triggered somewhere
(04:54 / All) khr8098i: LOL
(05:01 / All) uhackubotusuck: lmfao
(05:11 / All) khr8098i: WAT R UR NEW YR RES
(05:42 / All) brolly52: make it into the 11 seconds with my acura
(05:44 / All) uhackubotusuck: to tell feminists im more feminist thanthey are
(05:50 / All) StabMastaArson: triggering more lunatic sjw scum
(06:22 / All) uhackubotusuck: no shit im for equaility the fat bitches just hate men
(07:04 / Allies) khr8098i: OJ FEED ME FOR MORTS FOR A BIT OK
(07:09 / Allies) khr8098i: I GOT 4 SHOPS I WANT PUMPING
(07:21 / Allies) StabMastaArson: what you need
(07:24 / Allies) khr8098i: GOLD
(07:30 / Allies) khr8098i: TILL I GET DOZEN MORTS
(07:33 / Allies) khr8098i: THEN I GO HALL THEM
(07:38 / Allies) khr8098i: TY
(08:04 / Allies) khr8098i: GOLD PLS
(08:10 / Allies) khr8098i: NEED 9 MOR MORT ASAP
(08:16 / Allies) khr8098i: THEN I DO MY ASSASSINATION
(08:30 / Allies) khr8098i: THERE WE GO
(08:39 / Allies) khr8098i: ANY WOOD?
(10:04 / Allies) khr8098i: PINK IS GONNA GET ASSASSINATED
(10:10 / Allies) khr8098i: WATCH THIS GUYS
(11:02 / Allies) Old_Cracker_Jac: gj
(11:19 / All) uhackubotusuck: BLU UR A CUNT
(11:51 / Allies) khr8098i: PURP
(11:53 / Allies) khr8098i: DETONATE UR WISP ON ME
(11:56 / Allies) khr8098i: I CANT WORK WITH FIRE ON ME
(12:10 / Allies) khr8098i: FUCKIN FRARIRIE FIRE
(12:12 / Allies) khr8098i: ANNOYING SHIT
(12:17 / Allies) Old_Cracker_Jac: pl
(12:20 / Allies) Old_Cracker_Jac: ok
(12:23 / Allies) khr8098i: COME ALL
(12:25 / Allies) khr8098i: HIT GREEN
(14:32 / Allies) khr8098i: LOL
(14:35 / Allies) khr8098i: GOT HIS HALL AGAIN
(15:21 / Allies) khr8098i: PURP STAY AND REGROUP WITH ME IN A BIT
(16:05 / All) khr8098i: HAPPY NEW YEAR
(16:11 / All) khr8098i: FIREWORKS COURTESY OF MOI
(16:57 / All) khr8098i: LOL
(17:04 / All) uhackubotusuck: WEAK TEMA
(17:12 / All) khr8098i: MEH
(17:22 / All) khr8098i: THEY JUST COULDNT HANDLE MY MORT ASSASSINATION
(17:31 / Allies) khr8098i: DIDNT I TELL U GUYS I WAS A MORT ASSASSIN
(17:48 / Allies) khr8098i: OJ LEAD
(17:49 / Allies) khr8098i: CHARGE
(17:55 / Allies) khr8098i: OJ UR A BIG PUSSY GO LOL
(18:31 / All) khr8098i: NICE GIANTS